 Dungeon Crawl Stone Soup version 0.29-a0-356-g7bc237e783 (webtiles) character file.

Game seed: 14952350396815193940

693 snetch the Chopper (level 7, -1/62 HPs)
             Began as a Minotaur Berserker on Apr 26, 2022.
             Was a Believer of Trog.
             Slain by an orc wizard
             ... wielding a +0 dagger
              (2 damage)
             ... on level 5 of the Dungeon.
             The game lasted 00:05:59 (2776 turns).

snetch the Chopper (Minotaur Berserker)             Turns: 2776, Time: 00:06:02

Health: -1/62      AC: -4    Str: 22 (23) XL:     7   Next: 37%
Magic:  6/6        EV: 10    Int:  1 (4)  God:    Trog [**....]
Gold:   110        SH:  0    Dex:  8 (10) Spells: 6/6 levels left

rFire   . . .      SeeInvis .   a - +2 war axe
rCold   . . .      Faith    .   (no shield)
rNeg    . . .      Spirit   .   s - +0 scale mail
rPois   .          Reflect  .   (helmet restricted)
rElec   .          Harm     .   v - scarf {shadows}
rCorr   .          Rampage  .   (no gloves)
Will    .....                   (no boots)
Stlth   ..........              (no amulet)
HPRegen 0.20/turn               (no ring)
MPRegen 0.10/turn               (no ring)

@: confused, corroded
A: horns 2, retaliatory headbutt
a: Renounce Religion, Berserk, Trog's Hand


You were on level 5 of the Dungeon.
You worshipped Trog.
Trog was pleased with you.
You visited 1 branch of the dungeon, and saw 5 of its levels.

You collected 110 gold pieces.

Inventory:

Hand Weapons
 a - a +2 war axe (weapon)
 b - a +0 halberd of protection
 c - a +1 spear of flaming
 d - a +3 scimitar of freezing
Missiles
 q - 2 poisoned darts
 w - 53 stones (quivered)
Armour
 m - a +2 robe of positive energy
 r - a +0 plate armour
 s - a +0 scale mail (worn)
 v - a scarf of shadows (worn)
Scrolls
 f - 2 scrolls of teleportation {unknown}
 g - a scroll of fog {unknown}
 j - 2 scrolls of enchant weapon {unknown}
 o - 2 scrolls of blinking {unknown}
 p - a scroll of identify {unknown}
Potions
 e - a potion of curing {unknown}
 h - a potion of heal wounds
 i - a potion of brilliance {unknown}
 k - a potion of haste {unknown}
 l - a potion of berserk rage {unknown}
 n - a potion of cancellation {unknown}
 t - a potion of mutation {unknown}
 u - a potion of degeneration


   Skills:
 + Level 5.7 Fighting
 + Level 6.7(6.8) Axes
 + Level 1.4(4.4) Polearms
 + Level 2.5 Throwing
 + Level 5.0 Armour
 + Level 2.7 Dodging
 + Level 1.0 Stealth


You had 6 spell levels left.
You didn't know any spells.
Your spell library contained the following spells:

 Spells                   Type           Power      Damage    Failure   Level
 Tukima's Dance           Hex            0%         N/A       99%         3
 Anguish                  Hex/Necr       0%         N/A       100%        4
 Enfeeble                 Hex            0%         N/A       100%        7


Dungeon Overview and Level Annotations

Branches:
Dungeon (6/15)
 Temple: D:4-7

Altars:
Qazlal

Annotations:
D:5 1 transporter


Innate Abilities, Weirdness & Mutations

You have a pair of horns on your head.
You reflexively headbutt those who attack you in melee.


Message History

You completely miss something. You completely miss the orc.
You slash the orc wizard! The orc wizard barely misses you.
You hear some strange, mumbled words.
You are more confused.
The jelly hits you. The acid corrodes you!
You are splashed with acid!
The orc closely misses you.
You are too confused!
It was a potion of heal wounds.
You feel much better. The jelly hits you.
You are splashed with acid.
Something hits you.
The orc wizard hits you with a +0 dagger.
The orc hits you but does no damage.
You miss the orc wizard.
The orc wizard is severely wounded.
You hit the jelly but do no damage. The acid corrodes you!
Your hands burn!
You barely miss something. You miss the orc. Something hits you.
The orc wizard hits you with a +0 dagger.
The jelly hits you. The acid corrodes you!
You are splashed with acid!
The orc hits you with a +0 falchion.
You barely miss the jelly. You headbutt the jelly.
You kill the jelly!
Trog accepts your kill.
You closely miss the orc wizard. You hit the orc. You closely miss something.
The orc wizard hits you with a +0 dagger.
Something hits you. The orc closely misses you.
Your Armour skill increases to level 5!
You closely miss something. You miss the orc. You miss the orc wizard.
The orc wizard gestures at you while chanting.
You resist with some effort. Something hits you.
The orc hits you with a +0 falchion!
* * * LOW HITPOINT WARNING * * *
Something hits you.
* * * LOW HITPOINT WARNING * * *
The orc wizard barely misses you.
It was a potion of degeneration.
There was something very wrong with that liquid.
You feel weakened.
You feel dopey.
You feel clumsy. The orc hits you with a +0 falchion!
* * * LOW HITPOINT WARNING * * *
The orc wizard closely misses you. Something hits you.
You die...

#.# #.##.# #.#### #+##
#.###.##.# #.#
.........# #.# ..
#..##.#.## #)# ...
#..##.#.####.# ≈...
.............######≈...
#..#....####.#≈≈≈≈≈≈...
..##.#..# #.#≈.....≈.≈
####....# #.'.)@{.....
..#####.# ###≈o.o..≈.≈
.°# .# #≈≈≈≈≈≈... ..#
.# ######≈... ..# ≈...
.○# ... ..


You could see an orc wizard and an orc.

Vanquished Creatures
  A centaur (D:5)
  A bullfrog (D:6)
  A scorpion (D:6)
  4 wights (D:6)
  A hound (D:6)
  A jelly (D:5)
  A gnoll shaman (D:6)
  An iguana (D:2)
  2 orc wizards (D:6)
  3 gnolls (D:6)
  5 adders
  A worm (D:2)
  2 dart slugs (D:1)
  5 orcs
  A bat (D:2)
  5 endoplasms
  5 goblins
  A hobgoblin (D:1)
  2 jackals (D:2)
  2 kobolds (D:1)
  A quokka (D:1)
  4 ball pythons
  A frilled lizard (D:2)
  3 rats
54 creatures vanquished.

Notes
Turn   | Place    | Note
-------+----------+-------------------------------------------
     0 | D:1      | snetch the Minotaur Berserker began the quest for the Orb.
     0 | D:1      | Reached XP level 1. HP: 19/19 MP: 0/0
   436 | D:1      | Reached XP level 2. HP: 27/27 MP: 1/1
   586 | D:1      | Reached skill level 4 in Axes
   611 | D:2      | Reached XP level 3. HP: 22/34 MP: 2/2
  1262 | D:3      | Reached XP level 4. HP: 32/41 MP: 3/3
  1673 | D:2      | Reached skill level 1 in Throwing
  1988 | D:3      | You fall into a shaft and drop 3 floors!
  2011 | D:6      | Reached ** piety under Trog
  2012 | D:6      | Reached skill level 5 in Axes
  2012 | D:6      | Reached XP level 5. HP: 19/47 MP: 4/4
  2015 | D:6      | Reached skill level 5 in Fighting
  2276 | D:6      | Reached XP level 6. HP: 44/56 MP: 5/5
  2281 | D:6      | Reached skill level 6 in Axes
  2444 | D:6      | Reached skill level 1 in Polearms
  2539 | D:6      | Reached skill level 1 in Stealth
  2539 | D:6      | Reached XP level 7. HP: 61/61 MP: 6/6
  2601 | D:5      | Entered Level 5 of the Dungeon
  2652 | D:5      | Found a transporter.
  2742 | D:5      | Found a stormy altar of Qazlal.
  2775 | D:5      | Reached skill level 5 in Armour
  2776 | D:5      | HP: 1/62 [orc/+0 falchion (7)]
  2776 | D:5      | Slain by an orc wizard

Illustrated notes

Levels and vault maps discovered:
D:1:      spicycebolla_arrival_teleporter_tutorial, layout_basic
D:2:      layout_basic
D:3:      layout_basic, gammafunk_ghost_nasty_kobolds
D:5:      gammafunk_cloud_chamber, layout_loops_ring,
          mainiacjoe_overflow_brackets, temple_statues,
          minmay_misc_feat_more_columns, chequers_serial_rivers_micro_c,
          kennysheep_minor_cross
D:6:      layout_basic

Skill      XL: |  1  2  3  4  5  6  7 |
---------------+----------------------+-----
Fighting       | 4 5 |  5.7
Axes           | 4 5 6 |  6.7
Throwing       | 1 2 |  2.5
Armour         | 3 4 5 |  5.0
Polearms       | 1 |  1.4
Stealth        | 1 |  1.0
Dodging        | |  2.7

Action                   |  1- 3 |  4- 6 |  7- 9 || total
-------------------------+-------+-------+-------++-------
Melee: Hand axe          |    47 |    26 |       ||    73
       Headbutt          |     6 |     6 |     3 ||    15
       Halberd           |       |    12 |       ||    12
       War axe           |       |    17 |    17 ||    34
Throw: Stone             |    36 |    17 |       ||    53
Invok: Berserk           |       |     2 |       ||     2
  Use: Potion            |       |       |     2 ||     2
 Stab: Sleeping          |     1 |       |       ||     1
Armor: Animal skin       |     4 |       |       ||     4
       Leather armour    |     4 |     2 |       ||     6
       Plate armour      |       |     4 |       ||     4
       Scale mail        |       |     7 |    14 ||    21
Dodge: Dodged            |    31 |    25 |    14 ||    70

Table legend: (Time is in decaauts)
 A = Elapsed time spent in this place.
 B = Non-inter-level travel time spent in this place.
 C = Inter-level travel time spent in this place.
 D = Time resting spent in this place.
 E = Time spent auto-exploring this place.
 F = Levels seen in this place.
 G = Mean time per level.
                   A        B        C        D        E       F      G
               +--------+--------+--------+--------+--------+-----+--------+
         Total |   2820 |   2740 |     80 |      0 |   2000 |   5 |  564.0 |
       Dungeon |   2820 |   2740 |     80 |      0 |   2000 |   5 |  564.0 |
               +--------+--------+--------+--------+--------+-----+--------+

Top non-repeatable levels by time:
     D:1: 987 daAuts
     D:2: 793 daAuts
     D:6: 650 daAuts
     D:3: 224 daAuts
     D:5: 164 daAuts
